 Dungeon Crawl Stone Soup version 0.31-a0-960-g0fca184906 (webtiles) character file.

Game seed: 10974672861331224861

350 Arzdou the Chiller (level 6, -6/45 HPs)
             Began as a Demigod Ice Elementalist on Oct 22, 2023.
             Mangled by a kobold
             ... wielding a +0 dagger of electrocution
              (16 damage)
             ... on level 4 of the Dungeon.
             The game lasted 00:08:35 (3803 turns).

Arzdou the Chiller (Demigod Ice Elementalist)       Turns: 3803, Time: 00:08:36

Health: -6/45      AC: 10    Str:  9    XL:     6   Next: 11%
Magic:  22/24      EV: 12    Int: 25    God:
Gold:   201        SH:  0    Dex: 14    Spells: 2/13 levels left

rFire   . . .        q - +0 long sword
rCold   . . .        (no shield)
rNeg    . . .        a - +0 robe
rPois   .            (no helmet)
rElec   .            (no cloak)
rCorr   .            (no gloves)
SInv    .            d - +0 pair of boots
Will    .....        (no amulet)
Stlth   ++           w - ring of magical power
HPRegen 0.27/turn    n - ring of wizardry
MPRegen 0.19/turn

%: wizardry (x1)
@: ice-armoured
A: high MP 1, forlorn, divine attributes
a: no special abilities


You were on level 4 of the Dungeon.
You visited 1 branch of the dungeon, and saw 4 of its levels.

You collected 201 gold pieces.

Inventory:

Hand Weapons
 q - a +0 long sword (weapon)
Armour
 a - a +0 robe (worn)
 d - a +0 pair of boots (worn)
Jewellery
 j - a ring of flight
 n - a ring of wizardry (right hand)
 r - a ring of protection from cold
 w - a ring of magical power (left hand)
 x - a +5 ring of evasion
Scrolls
 c - 6 scrolls of identify {unknown}
 g - a scroll of vulnerability {unknown}
 i - a scroll of enchant armour {unknown}
 k - a scroll of fear {unknown}
 l - a scroll of poison {unknown}
 m - a scroll of revelation {unknown}
 o - a scroll of torment {unknown}
 t - a scroll of blinking {unknown}
Potions
 b - a potion of magic
 e - 2 potions of curing
 f - 2 potions of lignification {unknown}
 h - a potion of heal wounds {unknown}
 p - a potion of attraction {unknown}
 s - a potion of brilliance {unknown}
 u - a potion of resistance {unknown}
 v - a potion of haste {unknown}


   Skills:
 + Level 1.8 Long Blades
 - Level 1.7 Dodging
 - Level 1.7 Stealth
 - Level 4.1 Spellcasting
 + Level 1.1 Summonings
 - Level 5.0 Ice Magic


You had 2 spell levels left.
You knew the following spells:

 Your Spells              Type           Power      Damage    Failure   Level
a - Freeze                Ice            100%       1d10      1%          1
b - Frozen Ramparts       Ice            60%        1d10      1%          3
c - Ozocubu's Armour      Ice            30%        N/A       1%          3
d - Summon Ice Beast      Ice/Summ       20%        N/A       11%         4

Your spell library contained the following spells:

 Spells                   Type           Power      Damage    Failure   Level


Dungeon Overview and Level Annotations

Branches:
Dungeon (4/15)
 Temple: D:4-7


Innate Abilities, Weirdness & Mutations

You have an increased reservoir of magic. (+10% MP)
You shall have no god before yourself.
Your divine heritage dramatically boosts your attributes as you level up.


Message History

You are no longer poisoned.
Your icy armour starts to melt.
Your icy armour evaporates.
There is an open door here.
The kobold shouts!
An endoplasm comes into view.
Casting: Ozocubu's Armour (safe; 1% risk of failure)
Confirm with . or Enter, or press ? or * to list all spells.
Casting: Frozen Ramparts (safe; 1% risk of failure)
Press: ? - help, Dir - look around, f - activate
Okay, then.
Casting: Frozen Ramparts (safe; 1% risk of failure)
Confirm with . or Enter, or press ? or * to list all spells.
A film of ice covers your body! The giant cockroach closely misses you.
The kobold hits you with a +0 dagger of electrocution.
The giant cockroach bites you but does no damage.
The kobold hits you but does no damage.
You barely miss the kobold.
The giant cockroach bites you but does no damage.
The kobold misses you.
The endoplasm jiggles.
The giant cockroach bites you but does no damage.
You miss the kobold.
The giant cockroach bites you but does no damage.
The kobold hits you but does no damage.
You are electrocuted!
The giant cockroach barely misses you.
You completely miss the kobold. The kobold hits you but does no damage.
You are electrocuted!
The giant cockroach closely misses you. The kobold hits you but does no damage.
You are electrocuted!
* * * LOW HITPOINT WARNING * * *
You are too injured to fight recklessly!
You are too injured to fight recklessly!
Unknown command.
Unknown command.
You are too injured to fight recklessly!
You are too injured to fight recklessly!
It was a potion of curing.
You feel better.
The giant cockroach bites you but does no damage.
The kobold hits you but does no damage.
You are electrocuted!
You die...

... #..#.####..
...........# #......##..
.....(.....# ##...#.##..
...........####+#......>
...........#......#.####
...........#......#.#
...........#.....##.#
......K....#.....'..#
......J@...#.....####
......B..........#
..............####
##########....# #....#
#....#####
#........######
#....###....... #..###
#...####


You could see an endoplasm, a giant cockroach and a kobold.

Vanquished Creatures
  2 scorpions
  An iguana (D:3)
  Terence (D:2)
  8 adders
  4 worms
  3 dart slugs
  10 orcs
  6 ball pythons
  7 endoplasms
  2 giant cockroaches
  9 hobgoblins
  2 jackals (D:3)
  5 quokkas
  A bat (D:1)
  3 frilled lizards
  6 goblins
  5 kobolds
  7 rats
82 creatures vanquished.

Notes
Turn   | Place    | Note
-------+----------+-------------------------------------------
     0 | D:1      | Arzdou the Demigod Ice Elementalist began the quest for the
                  | Orb.
     0 | D:1      | Reached XP level 1. HP: 14/14 MP: 5/5
   492 | D:1      | Reached XP level 2. HP: 20/20 MP: 5/7
   760 | D:1      | Reached skill level 4 in Ice Magic
  1439 | D:2      | Reached XP level 3. HP: 22/26 MP: 1/9
  1547 | D:2      | Noticed Terence
  1553 | D:2      | Killed Terence
  1823 | D:2      | Reached XP level 4. HP: 27/33 MP: 3/11
  1938 | D:2      | Learned a level 3 spell: Frozen Ramparts
  1942 | D:2      | Learned a level 3 spell: Ozocubu's Armour
  2441 | D:3      | Reached skill level 5 in Ice Magic
  2441 | D:3      | Reached XP level 5. HP: 38/38 MP: 4/13
  3008 | D:3      | Reached skill level 1 in Long Blades
  3515 | D:4      | Learned a level 4 spell: Summon Ice Beast
  3636 | D:4      | Reached skill level 1 in Summonings
  3636 | D:4      | Reached XP level 6. HP: 20/45 MP: 15/15
  3802 | D:4      | HP: 1/45 [kobold/+0 dagger of electrocution (15)]
  3803 | D:4      | Mangled by a kobold

Illustrated notes

Levels and vault maps discovered:
D:1:      dpeg_arrival_tiny_a, layout_loops_corners
D:2:      layout_basic, basic_altar, shapermc_ecumenical_altar_notcrosses,
          chequers_serial_rivers_small_a, nicolae_the_louvre, uniq_terence
D:3:      layout_rooms, zin_statuary, serial_bayou_pond_b, kennysheep_cross_room
D:4:      layout_basic, mainiacjoe_overflow_concentric_impassable,
          cheibriados_altar_1, lemuel_flame_loot_1

Skill      XL: |  1  2  3  4  5 |
---------------+----------------+-----
Spellcasting   | 2 3 4 |  4.1
Ice Magic      | 4 5 |  5.0
Long Blades    | 1 |  1.8
Summonings     | 1 |  1.1
Dodging        | |  1.7
Stealth        | |  1.7

Action                     |  1- 3 |  4- 6 || total
---------------------------+-------+-------++-------
  Melee: Unarmed           |    12 |     6 ||    18
         Long sword        |       |    61 ||    61
         Punch             |       |     2 ||     2
   Cast: Freeze            |    63 |    18 ||    81
         Frozen Ramparts   |       |    13 ||    13
         Ozocubu's Armour  |       |     7 ||     7
    Use: Potion            |       |     1 ||     1
   Stab: Sleeping          |       |     1 ||     1
 Armour: Robe              |    22 |    68 ||    90
  Dodge: Dodged            |    31 |    60 ||    91

Table legend: (Time is in decaauts)
 A = Elapsed time spent in this place.
 B = Non-inter-level travel time spent in this place.
 C = Inter-level travel time spent in this place.
 D = Time resting spent in this place.
 E = Time spent auto-exploring this place.
 F = Levels seen in this place.
 G = Mean time per level.
                   A        B        C        D        E       F      G
               +--------+--------+--------+--------+--------+-----+--------+
         Total |   3819 |   3757 |     62 |      0 |   3131 |   4 |  954.8 |
       Dungeon |   3819 |   3757 |     62 |      0 |   3131 |   4 |  954.8 |
               +--------+--------+--------+--------+--------+-----+--------+

Top non-repeatable levels by time:
     D:2: 1233 daAuts
     D:1: 1110 daAuts
     D:3: 849 daAuts
     D:4: 626 daAuts
